 Dungeon Crawl Stone Soup version 0.32-a0-519-g08f29ac1c3 (webtiles) character file.

Game seed: 2106111983983718426

578964 seren the Petrodigitator (level 27, -33/177 HPs)
             Began as a Gargoyle Earth Elementalist on Feb 21, 2024.
             Was the Champion of Vehumet.
             Killed from afar by a yellow draconian (188 damage)
             ... with an acid spray
             ... led by a white draconian stormcaller
             ... on level 3 of the Realm of Zot on Feb 27, 2024.
             The game lasted 07:17:19 (111346 turns).

seren the Petrodigitator (GrEE)                   Turns: 111346, Time: 07:17:20

Health: -33/177    AC: 49    Str: 12    XL:     27
Magic:  9/42       EV: 13    Int: 40    God:    Vehumet [******]
Gold:   5201       SH: 22    Dex: 10    Spells: 7/56 levels left

rFire   + + .        R - staff of earth
rCold   + . .        t - +5 kite shield {AC+3}
rNeg    + + .        m - quicksilver dragon scales
rPois   ∞            l - -2 hat of the Alchemist {rElec rPois rF+ rC+ rN+ Will+ rMut rCorr}
rElec   +            Y - +0 cloak of Hubris {Str-4 Int+8 Slay+2 Stlth-}
rCorr   +            s - +2 pair of gloves of Meckac {Will+ Str+3}
SInv    +            Z - +2 pair of boots
Will    +++++        T - amulet "Taonor" {Reflect +Inv rCorr Str+3 SH+5}
Stlth   ++           h - ring of see invisible
HPRegen 0.49/turn    V - ring "Nyckeyc" {rF+ AC+4 Str-2 Int+2}
MPRegen 0.28/turn

%: reflection, resist mutation
@: flying
A: sickness immunity, AC +20, big wings, negative energy resistance 1,
electricity resistance, torment resistance 1, petrification resistance
}: 3/15 runes: decaying, silver, gossamer
a: Renounce Religion, Evoke Invisibility


You were on level 3 of the Realm of Zot.
You worshipped Vehumet.
Vehumet was exalted by your worship.
You visited 12 branches of the dungeon, and saw 50 of its levels.
You visited 1 bazaar.
You also visited: Trove and Sewer.

You collected 7652 gold pieces.
You spent 2451 gold pieces at shops.

Inventory:

Hand Weapons
 a - the +2 mace of Mastery {venom, Str+2 Int+5}
   (You took it off a deep elf death mage on level 3 of the Elven Halls)

   Str+2:     It affects your strength (+2).
   Int+5:     It affects your intelligence (+5).
 b - the +2 demon whip of the Wasp {pain, +Blink rCorr Int+7 Dex-5}
   (You took it off a spriggan air mage on level 2 of the Depths)

   Int+7:     It affects your intelligence (+7).
   Dex-5:     It affects your dexterity (-5).
   +Blink:    It lets you blink.
   rCorr:     It protects you from acid and corrosion.
Missiles
 c - 5 throwing nets {!f}
Armour
 l - the -2 hat of the Alchemist (worn) {rElec rPois rF+ rC+ rN+ Will+ rMut rCorr}
   (You found it on level 3 of the Elven Halls)

   rF+:       It protects you from fire.
   rC+:       It protects you from cold.
   rElec:     It insulates you from electricity.
   rPois:     It protects you from poison rN+: It protects you from negative
   energy.
   Will+:     It increases your willpower.
   rCorr:     It protects you from acid and corrosion.
   rMut:      It protects you from mutation.
 m - quicksilver dragon scales (worn)
 s - the +2 pair of gloves of Meckac (worn) {Will+ Str+3}
   (You acquired it on level 1 of the Spider Nest)

   Str+3:     It affects your strength (+3).
   Will+:     It increases your willpower.
 t - a +5 kite shield of protection (worn)
 Y - the +0 cloak of Hubris (worn) {Str-4 Int+8 Slay+2 Stlth-}
   (You found it on level 1 of the Spider Nest)

   Str-4:     It affects your strength (-4).
   Int+8:     It affects your intelligence (+8).
   Slay+2:    It affects your accuracy & damage with ranged weapons and melee
   (+2).
   Stlth-:    It makes you less stealthy.
 Z - a +2 pair of boots (worn)
Magical Staves
 R - a staff of earth (weapon)
Jewellery
 h - a ring of see invisible (left hand)
 i - a ring of protection from cold
 H - the ring "Naopoc" {rF+ Str+6 Dex+6}
   (You found it on level 5 of the Lair of Beasts)

   [ring of strength]

   Str+6:     It affects your strength (+6).
   Dex+6:     It affects your dexterity (+6).
   rF+:       It protects you from fire.
 T - the amulet "Taonor" (around neck) {Reflect +Inv rCorr Str+3 SH+5}
   (You took it off a spriggan air mage on level 4 of the Depths)

   [amulet of reflection]

   Reflect:   It reflects blocked missile attacks.
   Str+3:     It affects your strength (+3).
   +Inv:      It lets you turn invisible.
   rCorr:     It protects you from acid and corrosion.
   SH+5:      It affects your SH (+5).
 V - the ring "Nyckeyc" (right hand) {rF+ AC+4 Str-2 Int+2}
   (You found it on level 14 of the Dungeon)

   [ring of protection]

   AC+4:      It affects your AC (+4).
   Str-2:     It affects your strength (-2).
   Int+2:     It affects your intelligence (+2).
   rF+:       It protects you from fire.
Wands
 f - a wand of acid (33)
 g - a wand of paralysis (17)
 k - a wand of digging (13)
 u - a wand of polymorph (19)
 x - a wand of mindburst (37)
 D - a wand of roots (41)
Scrolls
 e - 31 scrolls of identify
 q - 6 scrolls of revelation
 r - 12 scrolls of teleportation {!r}
 w - 11 scrolls of poison
 z - a scroll of blinking {!r}
 A - a scroll of butterflies
 C - 6 scrolls of silence
 E - 6 scrolls of fear
 J - 4 scrolls of enchant armour
 K - a scroll of enchant weapon
 L - 5 scrolls of amnesia
 M - 7 scrolls of immolation
 O - 4 scrolls of fog
 P - 7 scrolls of vulnerability
 Q - 2 scrolls of torment
Potions
 j - 11 potions of haste
 n - 2 potions of lignification
 o - 7 potions of heal wounds
 p - 5 potions of brilliance
 v - 9 potions of enlightenment
 B - 8 potions of might
 F - 5 potions of invisibility
 G - 7 potions of magic
 I - 22 potions of curing
 N - 2 potions of cancellation
 X - 14 potions of mutation {!q}
Miscellaneous
 d - a phantom mirror
 y - a phial of floods
 U - a lightning rod (4/4)
 W - a tin of tremorstones (2/2)


   Skills:
 + Level 19.3 Fighting
 - Level 12.4(13.4) Maces & Flails
 * Level 8.2(11.4) Staves
 + Level 13.6 Armour
 - Level 12.0 Dodging
 + Level 10.0 Stealth
 - Level 14.0 Shields
 - Level 15.0 Spellcasting
 + Level 20.0 Conjurations
 + Level 10.5 Summonings
 O Level 27 Earth Magic
 - Level 2.0 Alchemy
 - Level 10.0 Evocations


You had 7 spell levels left.
You knew the following spells:

 Your Spells              Type           Power      Damage    Failure   Level
a - Sandblast             Erth           100%       2d20      0%          1
b - Blink                 Tloc           60%        N/A       6%          2
c - Stone Arrow           Conj/Erth      100%       3d13      0%          3
d - Spellforged Servitor  Conj/Summ      50%        N/A       1%          7
e - Petrify               Alch/Erth      100%       N/A       1%          4
h - Shatter               Erth           76%        3d56*     1%          9
l - Lee's Rapid Deconstr  Erth           76%        3d34*     0%          5
o - Orb of Destruction    Conj           56%        9d14      1%          7
p - Passwall              Erth           100%       N/A       0%          3
s - Lehudib's Crystal Sp  Conj/Erth      72%        10d16     1%          8

Your spell library contained the following spells:

 Spells                   Type           Power      Damage    Failure   Level
 Ignition                 Fire           15%        3d6       100%        8
 Magic Dart               Conj           100%       1d8       0%          1
 Searing Ray              Conj           100%       2d8       0%          2
 Brom's Barrelling Bould  Conj/Erth      100%       2d11      0%          4
 Foxfire                  Conj/Fire      100%       2x1d9     1%          1
 Freeze                   Ice            100%       1d10      1%          1
 Kiss of Death            Conj/Necr      100%       2d13      1%          1
 Shock                    Conj/Air       100%       1d9       1%          1
 Summon Small Mammal      Summ           100%       N/A       1%          1
 Call Imp                 Summ           100%       N/A       1%          2
 Mercury Vapours          Alch/Air       76%        N/A       1%          2
 Scorch                   Fire           60%        2d7       1%          2
 Call Canine Familiar     Summ           85%        N/A       1%          3
 Dazzling Flash           Conj/Hex       100%       N/A       1%          3
 Hailstorm                Conj/Ice       83%        3d14      1%          3
 Summon Ice Beast         Ice/Summ       64%        N/A       1%          3
 Animate Armour           Summ/Erth      100%       N/A       1%          4
 Flame Wave               Conj/Fire      83%        2d18      1%          4
 Fulminant Prism          Conj/Alch      43%        3d19      1%          4
 Iskenderun's Mystic Bla  Conj/Tloc      83%        2d16      1%          4
 Fireball                 Conj/Fire      41%        3d17      1%          5
 Freezing Cloud           Conj/Ice/Air   35%        6-21      1%          5
 Iskenderun's Battlesphe  Conj           100%       2d15      1%          5
 Conjure Ball Lightning   Conj/Air       41%        3x3d13    2%          6
 Starburst                Conj/Fire      41%        6d12      2%          6
 Slow                     Hex            100%       N/A       3%          1
 Frozen Ramparts          Ice            60%        1d10      3%          3
 Volatile Blastmotes      Fire/Tloc      60%        2d15      3%          3
 Olgreb's Toxic Radiance  Alch           46%        N/A       4%          4
 Summon Blazeheart Golem  Fire/Summ      64%        N/A       4%          4
 Summon Lightning Spire   Summ/Air       64%        N/A       4%          4
 Ensorcelled Hibernation  Hex/Ice        60%        N/A       6%          2
 Jinxbite                 Hex            60%        N/A       6%          2
 Lesser Beckoning         Tloc           60%        N/A       6%          2
 Summon Cactus Giant      Summ           42%        N/A       8%          6
 Airstrike                Air            15%        2d(3-19)  11%         4
 Confusing Touch          Hex            30%        N/A       12%         3
 Fugue of the Fallen      Necr           30%        N/A       12%         3
 Gell's Gravitas          Tloc           30%        N/A       12%         3
 Sigil of Binding         Hex            30%        N/A       12%         3
 Teleport Other           Tloc           30%        N/A       12%         3
 Tukima's Dance           Hex            30%        N/A       12%         3
 Vampiric Draining        Necr           30%        2d8       12%         3
 Summon Mana Viper        Hex/Summ       64%        N/A       12%         5
 Yara's Violent Unravell  Hex/Alch       19%        3d9       17%         5
 Anguish                  Hex/Necr       15%        N/A       36%         4
 Cause Fear               Hex            15%        N/A       36%         4
 Dimensional Bullseye     Hex/Tloc       15%        N/A       36%         4
 Dispel Undead            Necr           30%        3d14      36%         4
 Passage of Golubria      Tloc           30%        N/A       36%         4
 Monstrous Menagerie      Summ           42%        N/A       38%         7
 Silence                  Hex/Air        15%        N/A       71%         5
 Plasma Beam              Fire/Air       15%        2x1d26    78%         6
 Sculpt Simulacrum        Ice/Alch       19%        N/A       98%         6
 Haunt                    Necr/Summ      32%        N/A       98%         7
 Dispersal                Tloc           15%        N/A       99%         6
 Ozocubu's Refrigeration  Ice            15%        4d10      99%         7
 Enfeeble                 Hex            15%        N/A       100%        7
 Borgnjor's Revivificati  Necr           15%        N/A       100%        8
 Discord                  Hex            15%        N/A       100%        8
 Disjunction              Tloc           15%        N/A       100%        8
 Maxwell's Capacitive Co  Air            15%        ∞         100%        8
 Chain Lightning          Conj/Air       41%        3d55      100%        9
 Death's Door             Necr           15%        N/A       100%        9
 Fire Storm               Conj/Fire      41%        8d11      100%        9
 Polar Vortex             Ice            15%        12d2*     100%        9


Dungeon Overview and Level Annotations

Branches:
Dungeon (15/15)            Temple (1/1) D:5            Lair (5/5) D:9
  Swamp (4/4) Lair:2       Spider (4/4) Lair:3        Slime (0/5) Lair:4
    Orc (2/2) D:12            Elf (3/3) Orc:2        Vaults (5/5) D:13
  Crypt (3/3) Vaults:2       Tomb (1/3) Crypt:3      Depths (4/4) D:15
    Zot (3/5) Depths:4      Sewer (visited)

Altars:
Ashenzari
Cheibriados
Dithmenos
Elyvilon
Fedhas
Gozag
Hepliaklqana
Kikubaaqudgha
Makhleb
Nemelex Xobeh
Okawaru
Qazlal
Ru
Sif Muna
Trog
Uskayaw
Vehumet
Wu Jian
Xom
Yredelemnul
Zin
The Shining One
Beogh
Lugonu

Shops:
D:5 (   D:9 !   D:13 (   D:15 *   Orc:2 [:*(   Elf:1 !   Elf:2 [(:[[
Vaults:1 ?   Vaults:5 :   Crypt:2 *

Portals:
Hell: Depths:1 Depths:2 Depths:3 Depths:4
Abyss: Lair:5 Depths:3
Pandemonium: Depths:2
Ziggurat: Depths:4

Annotations:
D:12 2 transporters
D:15 1 runed translucent door, exclusion: door
Swamp:3 3 runed translucent doors, Psychatog's ghost, adept DESu
Elf:2 5 runed translucent doors, exclusion: 5 doors
Elf:3 3 runed translucent doors, exclusion: 3 doors, casual's ghost, adept DjAE
Vaults:3 1 runed translucent door, ScarabSwarm's ghost, adept NaAl
Crypt:2 3 runed translucent doors, exclusion: obsidian statue, Eroclych's ghost, adept GrFi
Zot:3 1 runed translucent door


Innate Abilities, Weirdness & Mutations

You are immune to sickness and miasma.
Your stone body is resilient. (AC +20)
You are immune to poison.
Your large and strong wings let you fly.
You resist negative energy. (rN+)
You are resistant to electric shocks. (rElec)
You are resistant to unholy torment.
You are immune to petrification.


Message History

You feel your power returning.
A green draconian comes into view. It is wielding a +0 halberd.
There is a stone staircase leading up here.
A green draconian is nearby!
A green draconian is nearby!
Casting: Lehudib's Crystal Spear (mildly dangerous; 1% risk of failure)
Confirm with . or Enter, or press ? or * to list all spells.
Aiming: Lehudib's Crystal Spear (mildly dangerous; 1% risk of failure)
Press: ? - help, Shift-Dir - straight line, f - green draconian
Aim: a green draconian, wielding a +0 halberd (85% to hit)
You feel a surge of power!
The crystal spear hits the green draconian!!!
The green draconian is severely wounded.
The green draconian breathes poison at you.
The blast of poison engulfs you but does no damage.
You resist.
Casting: Lehudib's Crystal Spear (mildly dangerous; 1% risk of failure)
Confirm with . or Enter, or press ? or * to list all spells.
Aiming: Lehudib's Crystal Spear (mildly dangerous; 1% risk of failure)
Press: ? - help, Shift-Dir - straight line, f/p - green draconian
Aim: a green draconian, wielding a +0 halberd (severely wounded, catching its breath, 85% to hit)
You feel a surge of power!
The crystal spear misses the green draconian.
Casting: Lehudib's Crystal Spear (mildly dangerous; 1% risk of failure)
Confirm with . or Enter, or press ? or * to list all spells.
You don't know that spell.
A yellow draconian comes into view. It is wielding a +0 glaive.
You block the green draconian's attack.
The green draconian tail-slaps you but does no damage.
You hit the green draconian but do no damage.
The ground beneath the green draconian fractures!!!
You kill the green draconian!
Vehumet accepts your kill.
You feel your power returning.
You see here a golden dragon corpse.
There is a stone staircase leading up here.
The yellow draconian throws acid at you.
The acid spray hits you!!!!! You resist.
Ouch! That really hurt!
You die...

.....##..........
#.....#.........# #.
##.#....#.......## #.q
#................ #...
#..............##.$...
#................).$.#
#...............)...#
##...........§§d....#
#.........@§§°....##.
...........°......#
..........#..°.....#
.....#...###.......#
....#....# #########
#......#.# #...†.##..
#....# ##.# ..... .#


You could see a yellow draconian (catching breath).

Vanquished Creatures
  A dread lich (Vaults:5)
  Frederick (Vaults:2)
  An ancient lich (Vaults:5)
  Mennas (Vaults:4)
  20 royal mummies
  Josephina (Zot:1)
  Margery (Crypt:3)
  Arachne (Spider:2)
  A golden dragon (Vaults:5)
  6 tentacled monstrosities
  Jorgrun (D:15)
  Zenata (Elf:3)
  4 deep elf blademasters
  2 titans
  A deep elf master archer (Elf:3)
  3 liches
  4 sphinxes
  An Executioner (Depths:2)
  2 death cobs (Zot:1)
  6 shadow dragons
  3 revenants
  8 tengu reavers
  Aizul (Swamp:1)
  4 storm dragons
  Roxanne (D:14)
  3 protean progenitors (Zot:2)
  2 fire giants
  6 frost giants
  3 iron dragons
  14 vault wardens
  6 draconian monks
  3 draconian knights
  A draconian scorcher (Zot:2)
  4 emperor scorpions
  3 draconian shifters
  8 deep elf sorcerers
  4 curse skulls
  2 spriggan defenders
  2 orc warlords
  2 draconian stormcallers
  A reaper (Depths:3)
  3 deep elf elementalists (Elf:3)
  3 cacodemons (Depths:2)
  4 ghost moths
  2 draconian annihilators
  19 very ugly things
  3 ghouls
  2 caustic shrike skeletons
  A juggernaut skeleton (Crypt:3)
  13 ironbound preservers
  4 eleionomae
  6 broodmothers
  14 vampire knights
  5 ironbound thunderhulks
  8 deep elf demonologists
  7 stone giants
  2 formless jellyfish (Vaults:1)
  6 green draconians
  4 deep elf annihilators
  6 red draconians
  4 deep elf death magi
  4 black draconians
  5 white draconians
  Snorg (Lair:5)
  10 spark wasps
  3 war gargoyles (Vaults:5)
  4 yellow draconians
  6 dire elephants
  4 purple draconians
  12 bunyips
  7 ettins
  8 mummy priests
  7 fire dragons
  6 jiangshi
  A crystal guardian (Vaults:3)
  A green death (Depths:2)
  3 eidola
  A shambling mangrove (Swamp:3)
  4 rakshasas
  5 deep elf high priests
  A fenstrider witch zombie (Crypt:1)
  4 entropy weavers
  Erolcha (Orc:1)
  5 great orbs of eyes
  13 yaktaur captains
  34 vault guards
  2 spriggan air magi
  8 alligators
  3 jorogumos
  Harold (Orc:1)
  17 hydras
  2 peacekeepers
  A catoblepas (D:15)
  3 ogre magi
  A ghost crab (Swamp:3)
  2 ice dragons
  7 ironbound frosthearts
  A spriggan skeleton (Tomb:1)
  A sphinx zombie (Crypt:3)
  A death knight (Crypt:1)
  5 death yaks
  A radroach (Spider:1)
  7 dancing weapons
  14 two-headed ogres
  15 centaur warriors
  3 deep troll shamans (Depths:3)
  9 tengu warriors
  3 quicksilver ooze zombies
  5 deep troll earth magi
  2 hell hogs
  6 vampire magi
  3 orc high priests
  8 demonic crawlers
  A shock serpent (shapeshifter) (D:10)
  3 thrashing horrors (Lair:5)
  4 spriggan berserkers
  2 soul eaters
  11 deep elf knights
  2 sun demons (Depths:2)
  5 occultists
  Amaemon (Lair:3)
  8 hell knights
  9 skeletal warriors (Crypt:3)
  A skyshark (Lair:2)
  An iron troll (Vaults:4)
  A shadow wraith (Vaults:3)
  A spark wasp zombie (Depths:4)
  A titan skeleton (Crypt:1)
  A skyshark (shapeshifter) (Vaults:5)
  8 spriggan druids
  A bunyip zombie (Tomb:1)
  4 pharaoh ants
  A salamander mystic (Depths:3)
  A glowing orange brain (shapeshifter) (Depths:4)
  The ghost of senseless the Ducker, a novice OpSh of Cheibriados (D:7)
  6 goliath frogs
  9 bog bodies
  49 deep trolls
  5 flayed ghosts
  4 sun moths
  11 lindwurms
  3 glowing orange brains
  10 swamp dragons
  8 deep elf archers
  13 orb spiders
  An alligator zombie (Crypt:2)
  11 steelbarb worms
  A lindwurm (shapeshifter) (Vaults:5)
  11 phantasmal warriors
  2 harpies (Vaults:3)
  10 necromancers
  2 thermic dynamos (Elf:2)
  5 arcanists
  6 deep elf pyromancers
  18 ironbound convokers
  A large abomination (Lair:5)
  3 orc sorcerers
  12 deep elf zephyrmancers
  A shadow dragon skeleton (Crypt:2)
  A shining eye (shapeshifter) (Depths:3)
  3 shining eyes (Zot:2)
  8 orc knights
  11 moths of wrath
  2 nameless horrors
  25 ugly things
  26 wolf spiders
  6 cyclopes
  12 elephants
  3 salamanders (Depths:3)
  4 manticores
  4 will-o-the-wisps
  A centaur zombie (Tomb:1)
  A water nymph (D:15)
  2 meliai (Spider:4)
  A stone giant skeleton (Crypt:1)
  7 torpor snails
  4 smoke demons
  2 kobold blastminers (Orc:2)
  19 vault sentinels
  4 black mambas
  A water nymph (shapeshifter) (Vaults:5)
  Joseph (D:9)
  13 cane toads
  An orange demon (Lair:3)
  A grey draconian zombie (Crypt:1)
  A rime drake (Lair:2)
  11 komodo dragons
  A yaktaur (shapeshifter) (Elf:2)
  6 freezing wraiths
  29 yaktaurs
  2 golden dragon simulacra (Zot:1)
  A pale draconian skeleton (Crypt:2)
  A queen bee (shapeshifter) (D:10)
  6 bloated husks
  8 guardian mummies
  2 merfolk (shapeshifter)
  A queen bee (D:7)
  6 trolls
  27 tarantellas
  5 tyrant leeches
  An unseen horror skeleton (Crypt:3)
  6 hornets
  21 blink frogs
  4 raiju (Lair:5)
  A glass eye (shapeshifter) (Depths:4)
  14 dream sheep
  A fire dragon zombie (Tomb:1)
  20 jumping spiders
  12 culicivoras
  4 air elementals
  42 slime creatures
  A spriggan (shapeshifter) (D:10)
  8 spriggans
  5 wraiths
  50 yaks
  4 ynoxinuls (Lair:5)
  An ice dragon skeleton (Crypt:3)
  A vampire (D:11)
  9 ushabtiu
  4 shadows
  A basilisk (shapeshifter) (D:10)
  A yak (shapeshifter) (D:10)
  2 wyverns
  A hog (shapeshifter) (D:10)
  2 wargs
  3 water elementals
  A black mamba skeleton (Crypt:1)
  A fire elemental (Elf:1)
  43 redbacks
  16 vampire mosquitoes
  8 basilisks
  2 steam dragons (D:8)
  A white draconian simulacrum (Zot:1)
  A neqoxec (D:10)
  A redback (shapeshifter) (Vaults:4)
  A harpy simulacrum (Crypt:2)
  A glowing shapeshifter zombie (Crypt:3)
  9 swamp worms
  An acid dragon (D:10)
  15 water moccasins
  A moth of wrath simulacrum (Zot:1)
  12 swamp drakes
  2 black bears
  21 laughing skulls
  10 ogres
  26 orc warriors
  A sky beast (D:6)
  A boggart (shapeshifter) (D:13)
  A lindwurm skeleton (Crypt:2)
  13 centaurs
  A snapping turtle skeleton (Crypt:1)
  8 wolves
  A phantom (D:4)
  5 kobold brigands
  19 bullfrogs
  Blork the orc (D:4)
  2 earth elementals (Elf:3)
  9 small abominations (Lair:5)
  2 scorpions
  5 wights
  3 killer bees (D:7)
  13 howler monkeys
  A raiju skeleton (Crypt:2)
  A bombardier beetle (D:6)
  6 jellies
  Crazy Yiuf (D:3)
  3 gnoll boudas
  2 hounds
  A human skeleton (Crypt:2)
  12 orc priests
  2 iguanas
  Ijyb (D:3)
  Natasha (thrice) (D:2)
  17 orc wizards
  7 hell rats (Lair:2)
  A killer bee zombie (Crypt:1)
  3 mummies
  16 gnolls
  17 adders
  A river rat (Sewer)
  A shadow imp (D:5)
  3 white imps
  2 ufetubi (D:6)
  4 dart slugs
  2 ribbon worms
  58 orcs
  3 bats
  11 endoplasms
  4 giant cockroaches
  8 goblins
  8 hobgoblins
  11 jackals
  25 kobolds
  7 quokkas
  9 ball pythons
  A dart slug zombie (Crypt:3)
  2 frilled lizards
  22 rats
  2 aspiring fleshes (Zot:2)
1832 creatures vanquished.

Vanquished Creatures (collateral kills)
  An ancient lich (Depths:4)
  5 royal mummies (Tomb:1)
  3 golden dragons
  2 tentacled monstrosities
  The ghost of Titucsi the Tortoise, an adept GrFi of Makhleb (Crypt:3)
  A lich (Depths:2)
  2 quicksilver dragons
  A deep elf master archer (Elf:3)
  A searing wretch (Crypt:3)
  A titan (Depths:4)
  A deep elf blademaster (Elf:3)
  8 sphinxes
  2 ancient champions
  2 tengu reavers
  4 shadow dragons
  3 storm dragons
  A thorn hunter (Swamp:4)
  An azure jelly (Depths:2)
  A nagaraja (Depths:2)
  9 fire giants
  2 deep elf elementalists (Elf:3)
  A balrug (Depths:2)
  3 frost giants
  2 ghouls (Crypt:2)
  A vault warden (Vaults:5)
  2 spriggan defenders (Depths:3)
  3 stone giants
  An ironbound preserver (Vaults:4)
  A formless jellyfish (Vaults:4)
  A reaper (Depths:2)
  A vampire knight (Crypt:3)
  7 very ugly things
  A black draconian (Zot:1)
  A purple draconian (Zot:2)
  2 deep elf demonologists
  3 deep elf annihilators
  6 deep elf death magi
  3 spark wasps
  4 dire elephants
  A quicksilver dragon zombie (Tomb:1)
  2 eidola (Crypt:2)
  A blizzard demon (Depths:2)
  3 mummy priests
  3 ettins
  The ghost of Skimidon the Cleaver, a journeyman MDFi of Cheibriados (D:10)
  A jiangshi (Crypt:3)
  4 fire dragons
  4 deep elf high priests
  A shambling mangrove (Swamp:4)
  A rakshasa (Depths:2)
  A spriggan zombie (Crypt:3)
  A hydra (Swamp:4)
  5 ice dragons
  2 spriggan air magi (Depths:2)
  A vault guard (Vaults:5)
  A death knight (Crypt:2)
  A sphinx skeleton (Vaults:3)
  2 hell hogs (Depths:2)
  2 dancing weapons
  A deep troll shaman (Vaults:4)
  A deep troll earth mage (Depths:3)
  2 soul eaters
  6 deep elf knights
  13 hell knights
  A shadow wraith (Crypt:2)
  6 skeletal warriors
  2 iron trolls
  2 glowing orange brains
  A goliath frog (Swamp:4)
  3 arcanists (Vaults:4)
  5 deep trolls
  4 flayed ghosts
  An ironbound convoker (Vaults:5)
  4 swamp dragons (Swamp:4)
  9 bog bodies
  5 deep elf pyromancers
  4 phantasmal warriors
  5 deep elf archers
  A tengu zombie (Tomb:1)
  A goliath frog zombie (Crypt:3)
  2 thermic dynamos (Elf:1)
  14 deep elf zephyrmancers
  A tengu skeleton (Vaults:3)
  16 ugly things
  A stone giant zombie (Crypt:3)
  5 moths of wrath
  7 slime creatures
  A vault sentinel (Vaults:5)
  A formless jellyfish zombie (Crypt:2)
  A dire elephant skeleton (Crypt:3)
  A titan simulacrum (Crypt:2)
  A naga skeleton (Tomb:1)
  A red draconian zombie (Crypt:3)
  A centaur skeleton (Crypt:3)
  3 freezing wraiths
  28 guardian mummies
  A komodo dragon (shapeshifter) (Depths:3)
  A tengu conjurer (Depths:4)
  A harpy zombie (Crypt:1)
  2 merfolk (shapeshifter) (Vaults:5)
  A hornet (Depths:2)
  A glass eye (shapeshifter) (Depths:4)
  An ettin zombie (Tomb:1)
  A stone giant simulacrum (Crypt:2)
  A guardian serpent skeleton (Crypt:1)
  A spriggan (Depths:2)
  3 water elementals (Depths:1)
  4 ushabtiu
  4 wraiths (Crypt:1)
  2 deep troll zombies
  A fire elemental (Elf:3)
  A glowing shapeshifter zombie (Vaults:3)
  A swamp worm (shapeshifter) (Vaults:5)
  4 swamp drakes (Swamp:4)
  2 laughing skulls
  A torpor snail zombie (Crypt:1)
  An earth elemental (Elf:3)
  A yaktaur skeleton (Crypt:2)
  2 killer bees (D:7)
  A raiju skeleton (Crypt:3)
  2 centaur zombies
  A basilisk zombie (Crypt:1)
  17 mummies
  A hobgoblin skeleton (Crypt:1)
354 creatures vanquished.

Vanquished Creatures (others)
  A fire giant (Depths:2)
  A swamp dragon (Swamp:4)
  A wolf spider (Spider:3)
  An orc wizard (Orc:2)
  20 foxfires
24 creatures vanquished.

Grand Total: 2210 creatures vanquished

Notes
Turn   | Place    | Note
-------+----------+-------------------------------------------
     0 | D:1      | seren the Gargoyle Earth Elementalist began the quest for
                  | the Orb.
     0 | D:1      | Reached XP level 1. HP: 10/10 MP: 3/3
   130 | D:1      | Reached XP level 2. HP: 15/15 MP: 5/5
   866 | D:2      | Reached XP level 3. HP: 19/19 MP: 3/6
   909 | D:2      | Reached skill level 4 in Earth Magic
   912 | D:2      | Found a faded altar of an unknown god.
  1138 | D:2      | Reached XP level 4. HP: 24/24 MP: 3/7
  1256 | D:2      | Noticed Natasha
  1267 | D:2      | Killed Natasha
  1439 | D:2      | Noticed Natasha
  1443 | D:2      | Killed Natasha
  1444 | D:2      | Reached XP level 5. HP: 28/28 MP: 4/9
  1527 | D:2      | Noticed Natasha
  1532 | D:2      | Killed Natasha
  1965 | D:3      | Found a runed translucent door.
  1966 | D:3      | Noticed Crazy Yiuf
  2274 | D:3      | Learned a level 3 spell: Passwall
  2278 | D:3      | Learned a level 3 spell: Stone Arrow
  2345 | D:3      | Noticed Ijyb
  2531 | D:3      | Reached XP level 6. HP: 32/32 MP: 4/10
  2800 | D:4      | Reached skill level 5 in Earth Magic
  2923 | D:4      | Noticed Blork the orc
  2953 | D:4      | Noticed a black bear
  3202 | D:4      | Found a shimmering altar of Xom.
  3278 | D:4      | Found a broken altar of Ashenzari.
  3374 | D:4      | Killed Blork the orc
  3375 | D:4      | Reached XP level 7. HP: 35/37 MP: 7/12
  3419 | D:4      | Reached skill level 1 in Fighting
  3419 | D:4      | Reached skill level 1 in Evocations
  3904 | D:5      | Entered Level 5 of the Dungeon
  3936 | D:5      | Found Wole's Antique Weapon Boutique.
  4541 | D:5      | Found a burning altar of Makhleb.
  4559 | D:5      | Found a stormy altar of Qazlal.
  4659 | D:5      | Found a staircase to the Ecumenical Temple.
  4668 | Temple   | Entered the Ecumenical Temple
  4766 | D:6      | Reached XP level 8. HP: 44/44 MP: 8/13
  4896 | D:6      | Found a glowing drain.
  4919 | Sewer    | Entered a sewer
  5336 | Sewer    | Reached skill level 6 in Earth Magic
  5626 | D:6      | Found a hide-covered altar of Uskayaw.
  6475 | D:7      | Reached skill level 5 in Conjurations
  6475 | D:7      | Reached XP level 9. HP: 51/51 MP: 10/15
  6493 | D:7      | Learned a level 4 spell: Brom's Barrelling Boulder
  6679 | D:7      | Found a transporter.
  6684 | D:7      | Found a transporter.
  6685 | D:7      | Noticed a queen bee
  6688 | D:7      | Noticed senseless's ghost (novice OpSh)
  7329 | D:8      | Reached skill level 7 in Earth Magic
  7459 | D:8      | Reached skill level 5 in Spellcasting
  7811 | D:8      | Reached skill level 1 in Armour
  8171 | D:8      | Found a radiant altar of Vehumet.
  8179 | D:8      | Became a worshipper of Vehumet
  8350 | D:8      | Found a bloodstained altar of Trog.
  8459 | D:9      | Identified the +10 dagger "Grim" {freeze, *Rage MP-9 Str+4
                  | Dex+8}
  8522 | D:9      | Found Teqestegg's Distillery.
  8530 | D:9      | Bought a potion of curing for 39 gold pieces
  8547 | D:9      | Reached XP level 10. HP: 55/58 MP: 12/17
  8593 | D:9      | Noticed Joseph
  8665 | D:9      | Reached skill level 5 in Fighting
  8665 | D:9      | Reached skill level 8 in Earth Magic
  8865 | D:9      | Reached skill level 5 in Dodging
  9638 | D:10     | Entered Level 10 of the Dungeon
  9643 | D:10     | Reached skill level 9 in Earth Magic
  9646 | D:10     | Found a portal to a secret trove of treasure.
  9652 | D:10     | Learned a level 4 spell: Petrify
  9654 | D:10     | You are sucked into a shaft and drop 2 floors!
  9878 | D:12     | Reached skill level 5 in Evocations
  9983 | D:12     | Reached * piety under Vehumet
  9983 | D:12     | Offered knowledge of Sting by Vehumet.
 10124 | D:12     | Noticed a green ugly thing
 10380 | D:11     | Noticed an unseen horror
 10417 | D:11     | Noticed a purple ugly thing
 10499 | D:10     | Reached skill level 1 in Alchemy
 10499 | D:10     | Reached XP level 11. HP: 64/64 MP: 14/19
 11079 | D:10     | Found a shadowy altar of Dithmenos.
 11224 | D:10     | Found a white marble altar of Elyvilon.
 11289 | D:10     | Identified the +7 ring mail "Hublail" {rC+}
 11598 | D:10     | Found a runed translucent gate.
 11598 | D:10     | Found a runed translucent gate.
 11598 | D:10     | Found a runed translucent gate.
 11598 | D:10     | Noticed a red ugly thing
 11598 | D:10     | Noticed an orb spider
 11599 | D:10     | Noticed a glowing orange brain
 11599 | D:10     | Noticed a white ugly thing
 11599 | D:10     | Noticed a purple ugly thing
 11600 | D:10     | Noticed a cyan ugly thing
 11600 | D:10     | an orb spider changed into a lindwurm
 11600 | D:10     | Noticed a lindwurm (glowing shapeshifter)
 11601 | D:10     | a lindwurm changed into a yak
 11604 | D:10     | a water nymph changed into a skyshark
 11604 | D:10     | Noticed a skyshark (glowing shapeshifter)
 11611 | D:10     | a skyshark changed into a steelbarb worm
 11611 | D:10     | Noticed a steelbarb worm (glowing shapeshifter)
 11614 | D:10     | a steelbarb worm changed into a death drake
 11614 | D:10     | Noticed a death drake (glowing shapeshifter)
 11695 | D:10     | a snapping turtle changed into a skyshark
 11695 | D:10     | Noticed a skyshark (glowing shapeshifter)
 11725 | D:10     | a snapping turtle changed into a lindwurm
 11725 | D:10     | Noticed a lindwurm (glowing shapeshifter)
 11859 | D:11     | Reached skill level 1 in Maces & Flails
 11911 | D:11     | Killed a purple ugly thing
 12572 | D:12     | Found a staircase to the Orcish Mines.
 12579 | D:11     | Reached skill level 10 in Earth Magic
 12682 | D:12     | Offered knowledge of Mercury Vapours by Vehumet.
 12696 | D:12     | Reached ** piety under Vehumet
 12864 | D:12     | Found a transporter.
 12867 | D:12     | Found a transporter.
 12868 | D:12     | Noticed a two-headed ogre
 12868 | D:12     | Noticed an orc sorcerer
 12869 | D:12     | Found a roughly hewn altar of Beogh.
 12869 | D:12     | Noticed an orc sorcerer
 12869 | D:12     | Noticed a two-headed ogre
 12869 | D:12     | Noticed an orc knight
 12870 | D:12     | Noticed a cyclops
 13109 | D:12     | Noticed a cyclops
 13456 | D:12     | Killed a cyclops
 13601 | D:12     | Noticed a white ugly thing
 13607 | D:12     | Killed a white ugly thing
 13850 | D:13     | Noticed a manticore
 13854 | D:13     | Killed a manticore
 13929 | D:13     | Noticed a vault guard
 13940 | D:13     | Noticed a +5 long sword
 13946 | D:13     | Killed a +5 long sword
 13947 | D:13     | Reached XP level 12. HP: 72/72 MP: 11/22
 13958 | D:13     | Killed a vault guard
 13959 | D:13     | Reached skill level 11 in Earth Magic
 14197 | D:10     | a steelbarb worm changed into an anaconda
 14197 | D:10     | Noticed an anaconda (glowing shapeshifter)
 14276 | D:9      | Killed Joseph
 14325 | D:9      | Found a staircase to the Lair.
 14333 | Lair:1   | Entered Level 1 of the Lair of Beasts
 14497 | Lair:1   | Reached skill level 10 in Conjurations
 15074 | Lair:1   | Offered knowledge of Scorch by Vehumet.
 15711 | Lair:2   | Reached skill level 12 in Earth Magic
 15871 | Lair:2   | Reached *** piety under Vehumet
 16351 | Lair:2   | Noticed a five-headed hydra
 16511 | Lair:1   | Offered knowledge of Flame Wave by Vehumet.
 16609 | Lair:1   | Reached XP level 13. HP: 51/78 MP: 14/24
 17958 | Lair:3   | Found a hole to the Spider Nest.
 18083 | Lair:1   | Upgraded the game from 0.32-a0-422-g28b100f618 to
                  | 0.32-a0-433-g08bcfe7efd
 18173 | Lair:3   | Reached **** piety under Vehumet
 18275 | Lair:3   | Noticed Amaemon
 18552 | Lair:3   | Killed Amaemon
 18553 | Lair:3   | Reached skill level 13 in Earth Magic
 19825 | Lair:3   | Found a shimmering altar of Xom.
 20205 | Lair:3   | Reached skill level 5 in Maces & Flails
 20574 | Lair:3   | Offered knowledge of Irradiate by Vehumet.
 20930 | Lair:4   | Reached skill level 1 in Shields
 21430 | Lair:4   | You are sucked into a shaft and drop 1 floor!
 21430 | Lair:5   | Entered Level 5 of the Lair of Beasts
 21659 | Lair:4   | Found a staircase to the Slime Pits.
 22164 | Lair:5   | Noticed Snorg
 22191 | Lair:5   | Killed Snorg
 22627 | Lair:5   | Gained mutation: Your large and strong wings let you fly.
                  | [Gargoyle growth]
 22627 | Lair:5   | Reached XP level 14. HP: 86/86 MP: 15/26
 22759 | Lair:5   | Identified the maw talisman of Polytheism {rElec Str+3
                  | SInv}
 23004 | Lair:5   | Reached ***** piety under Vehumet
 23620 | Lair:5   | Offered knowledge of Orb of Destruction by Vehumet.
 23629 | Lair:5   | Learned a level 7 spell: Orb of Destruction
 24554 | Lair:5   | Identified the +6 short sword of Moral Flaws {freeze, rPois
                  | rC+ rN++ Dex-4}
 25627 | Lair:5   | Found a corrupted altar of Lugonu.
 25627 | Lair:5   | Found a one-way gate to the infinite horrors of the Abyss.
 25639 | Lair:5   | Identified the ring "Naopoc" {rF+ Str+6 Dex+6}
 26048 | Orc:1    | Entered Level 1 of the Orcish Mines
 26096 | Orc:1    | Noticed Erolcha
 26099 | Orc:1    | Paralysed by Erolcha for 2 turns
 26104 | Orc:1    | Killed Erolcha
 26210 | Orc:1    | Found a roughly hewn altar of Beogh.
 26254 | Orc:1    | Noticed Harold
 26320 | Orc:1    | Killed Harold
 26879 | Orc:2    | Entered Level 2 of the Orcish Mines
 26966 | Orc:2    | Found Omawei's Book Emporium.
 27212 | Orc:2    | Found a staircase to the Elven Halls.
 27625 | Orc:1    | Offered knowledge of Sticky Flame by Vehumet.
 28188 | Orc:2    | Found Wir Mism's General Store.
 28194 | Orc:2    | Noticed an orc warlord
 28201 | Orc:2    | Killed an orc warlord
 28336 | Orc:2    | Bought a scroll of identify for 28 gold pieces
 28539 | Orc:2    | Reached skill level 5 in Shields
 28701 | Orc:2    | Found Bipic's Antique Weapon Boutique.
 28907 | Orc:2    | Found Nuthuc's Antique Armour Shop.
 29124 | Orc:2    | Bought a book of Dangerous Friends for 546 gold pieces
 29246 | D:13     | Found Rarr's Antique Weapon Boutique.
 29252 | D:13     | Bought a translucent whip for 262 gold pieces
 29252 | D:13     | Identified the +7 whip of the Eternal Warrior {pain, rElec
                  | rPois rC- rCorr} (You bought it in a shop on level 13 of
                  | the Dungeon)
 29333 | D:13     | Reached XP level 15. HP: 92/92 MP: 16/28
 29731 | D:13     | Found a gate to the Vaults.
 30238 | D:12     | Reached skill level 10 in Fighting
 30896 | D:13     | Reached skill level 14 in Earth Magic
 30903 | D:13     | Reached skill level 5 in Armour
 31364 | D:14     | Identified the +4 flail of the Hammering Whale {antimagic,
                  | Will++ Str+2}
 31364 | D:14     | Noticed Roxanne
 32441 | D:14     | Identified the +5 chain mail of Danikoesh {-Tele rPois
                  | Regen+}
 32443 | D:14     | Identified the ring "Nyckeyc" {rF+ AC+4 Str-2 Int+2}
 32482 | D:15     | Entered Level 15 of the Dungeon
 32525 | D:15     | Noticed Jorgrun
 32530 | D:15     | HP: 4/92 [Jorgrun/iron shot (44)]
 32738 | D:15     | Killed Jorgrun
 32977 | D:15     | Paralysed by an ogre mage for 3 turns
 33181 | D:9      | Bought a potion of heal wounds for 65 gold pieces
 33181 | D:9      | Bought a potion of heal wounds for 65 gold pieces
 33181 | D:9      | Bought 2 potions of curing for 78 gold pieces
 33181 | D:9      | Bought 2 potions of magic for 208 gold pieces
 33181 | D:9      | Bought a potion of invisibility for 104 gold pieces
 33414 | D:3      | Killed Ijyb
 33557 | D:3      | Killed Crazy Yiuf
 33561 | D:3      | Identified the +1 hammer of Cruel Justice {heavy, rCorr
                  | Str+3 Int-3}
 33915 | D:15     | Found a staircase to the Depths.
 34337 | D:15     | Found Ryutydda's Elemental Accessories.
 34593 | D:15     | Offered knowledge of Starburst by Vehumet.
 34810 | D:15     | Found a shadowy altar of Dithmenos.
 34898 | D:15     | Found a runed translucent door.
 34901 | D:15     | Found a hide-covered altar of Uskayaw.
 36399 | Orc:2    | Bought a book of Armaments for 468 gold pieces
 36606 | Lair:2   | Reached XP level 16. HP: 83/98 MP: 9/29
 36780 | Lair:2   | Found a staircase to the Swamp.
 36855 | Swamp:1  | Entered Level 1 of the Swamp
 37059 | Lair:2   | Reached skill level 10 in Spellcasting
 37779 | Swamp:1  | Identified the +2 robe "Koaq" {-Tele Rampage *Corrode rN+
                  | Str+5}
 37967 | Swamp:1  | Identified the serpent talisman of the Leaping Gods {rN+
                  | Int+2 Dex-2}
 37967 | Swamp:1  | Noticed Aizul
 38008 | Swamp:1  | Killed Aizul
 39241 | Swamp:2  | Learned a level 8 spell: Lehudib's Crystal Spear
 39418 | Swamp:3  | Reached skill level 15 in Conjurations
 39637 | Swamp:3  | Found a runed translucent gate.
 39637 | Swamp:3  | Found a runed translucent gate.
 39637 | Swamp:3  | Found a runed translucent gate.
 39638 | Swamp:3  | Noticed a tentacled monstrosity
 39638 | Swamp:3  | Noticed a thorn hunter
 39641 | Swamp:3  | Noticed Psychatog's ghost (adept DESu)
 39794 | Swamp:3  | Reached skill level 15 in Earth Magic
 40679 | Swamp:4  | Entered Level 4 of the Swamp
 40714 | Swamp:4  | Offered knowledge of Lee's Rapid Deconstruction by Vehumet.
 40729 | Swamp:4  | Learned a level 5 spell: Lee's Rapid Deconstruction
 41906 | Swamp:4  | Reached XP level 17. HP: 106/106 MP: 3/31
 42907 | Swamp:3  | Upgraded the game from 0.32-a0-433-g08bcfe7efd to
                  | 0.32-a0-484-g2eb335deba
 42911 | Swamp:3  | Learned a level 2 spell: Blink
 43033 | Spider:1 | Entered Level 1 of the Spider Nest
 43589 | Spider:1 | Reached skill level 10 in Dodging
 45017 | Lair:3   | Reached skill level 16 in Earth Magic
 45421 | Spider:1 | Identified the +0 cloak of Hubris {Str-4 Int+8 Slay+2
                  | Stlth-}
 45722 | Spider:1 | Identified a scroll of acquirement
 45725 | Spider:1 | Acquired the +2 pair of gloves of Meckac {Will+ Str+3}
 46527 | Spider:2 | Noticed Arachne
 46546 | Spider:2 | Killed Arachne
 47307 | Spider:2 | Offered knowledge of Eringya's Noxious Bog by Vehumet.
 48112 | Spider:2 | Reached skill level 10 in Shields
 50090 | Spider:4 | Entered Level 4 of the Spider Nest
 51034 | Spider:4 | Reached XP level 18. HP: 103/111 MP: 17/33
 51526 | Spider:4 | Offered knowledge of Bombard by Vehumet.
 55534 | Spider:4 | Got a gossamer rune of Zot
 55926 | Vaults:1 | Entered Level 1 of the Vaults
 57656 | Vaults:1 | Reached skill level 17 in Earth Magic
 58155 | Vaults:1 | Offered knowledge of Plasma Beam by Vehumet.
 59328 | D:13     | Learned a level 7 spell: Spellforged Servitor
 59714 | Vaults:1 | Reached XP level 19. HP: 119/119 MP: 18/34
 60255 | Vaults:1 | Reached skill level 1 in Summonings
 60731 | Vaults:1 | Found Zaleg's Magic Scroll Shop.
 60750 | Vaults:1 | Bought 2 scrolls of teleportation for 114 gold pieces
 60750 | Vaults:1 | Bought a scroll of teleportation for 57 gold pieces
 60750 | Vaults:1 | Bought a scroll of teleportation for 57 gold pieces
 60750 | Vaults:1 | Bought a scroll of revelation for 142 gold pieces
 64962 | Vaults:2 | Reached skill level 10 in Maces & Flails
 65562 | Vaults:2 | Identified the +3 leather armour "Seammac" {rC+ Slay+3}
 65779 | Vaults:2 | Found a staircase to the Crypt.
 66544 | Vaults:3 | Reached skill level 5 in Summonings
 67111 | Vaults:3 | Upgraded the game from 0.32-a0-484-g2eb335deba to
                  | 0.32-a0-519-g08f29ac1c3
 67260 | Vaults:2 | Reached XP level 20. HP: 113/126 MP: 27/36
 68603 | Vaults:3 | Reached skill level 10 in Armour
 69019 | Vaults:3 | Found a runed translucent door.
 69021 | Vaults:3 | Noticed a dread lich
 69021 | Vaults:3 | Noticed ScarabSwarm's ghost (adept NaAl)
 69749 | Vaults:4 | Found a flickering gateway to a bazaar.
 69765 | Bazaar   | Entered a bazaar
 69768 | Bazaar   | Found Vaseif's Book Emporium.
 69776 | Bazaar   | Found Lopof's Jewellery Shop.
 69817 | Bazaar   | Found Bada's Weapon Shoppe.
 69825 | Bazaar   | Found Qymier's Jewellery Boutique.
 69984 | Vaults:4 | Noticed Mennas
 70204 | Vaults:4 | Reached skill level 18 in Earth Magic
 70927 | D:14     | Killed Roxanne
 71160 | D:7      | Killed senseless's ghost
 71453 | D:10     | Reached ****** piety under Vehumet
 71465 | D:10     | Found a runed translucent gate.
 71465 | D:10     | Found a runed translucent gate.
 71472 | D:10     | Found a runed translucent gate.
 71478 | D:10     | Noticed Skimidon's ghost (journeyman MDFi)
 71693 | D:10     | Killed Skimidon's ghost
 72116 | Elf:1    | Entered Level 1 of the Elven Halls
 72125 | Elf:1    | Identified the staff "Dires" {rPois rF- Str+5 Alchemy}
 72638 | Elf:1    | Paralysed by an air elemental for 1 turns
 73109 | Elf:1    | Got the Compendium of Conjuring
 73110 | Elf:1    | Identified the +0 chain mail "Ucastisk" {rPois SInv}
 73434 | Elf:1    | Offered knowledge of Ignition by Vehumet.
 73434 | Elf:1    | Offered knowledge of Maxwell's Capacitive Coupling by
                  | Vehumet.
 73440 | Elf:1    | Found Juniniem's Distillery.
 73840 | Elf:2    | Found Ehock's Antique Armour Boutique.
 74193 | Elf:2    | Found Doga's Book Emporium.
 74210 | Elf:2    | Paralysed by an air elemental for 1 turns
 74363 | Elf:2    | Found Esarusm's Antique Weapon Boutique.
 74401 | Elf:2    | Found Cyzegam's Armour Shoppe.
 74569 | Elf:2    | Found a huge runed translucent gate.
 74569 | Elf:2    | Found a huge runed translucent gate.
 74569 | Elf:2    | Found a huge runed translucent gate.
 74569 | Elf:2    | Found a huge runed translucent gate.
 74569 | Elf:2    | Found a huge runed translucent gate.
 74638 | Elf:2    | Found Nairun's Armour Boutique.
 74659 | Elf:2    | Reached XP level 21. HP: 132/132 MP: 33/38
 74999 | Elf:3    | Entered Level 3 of the Elven Halls
 75090 | Elf:3    | Noticed Zenata
 75251 | Elf:3    | Killed Zenata
 76126 | Elf:3    | Found a runed translucent gate.
 76126 | Elf:3    | Found a runed translucent gate.
 76127 | Elf:3    | Found a runed translucent gate.
 76144 | Elf:3    | Noticed casual's ghost (adept DjAE)
 76570 | Elf:3    | Reached skill level 19 in Earth Magic
 77158 | Elf:3    | Identified the +5 ring mail of Amperiun {Rampage rCorr
                  | Str-3 Dex+6}
 77368 | Elf:3    | Reached skill level 20 in Earth Magic
 77495 | Elf:3    | Identified the +2 mace of Mastery {venom, Str+2 Int+5}
 77645 | Elf:3    | Found the -2 hat of the Alchemist {rElec rPois rF+ rC+ rN+
                  | Will+ rMut rCorr}
 77779 | Elf:3    | Identified the +0 helmet "Jempaq" {rN+}
 77819 | Elf:3    | Identified the staff of Dedon {rElec rPois Int-4 Earth}
 77823 | Elf:3    | Got the Spellbook of the Fair Folk
 77828 | Elf:3    | Got the Encyclopedia of Frostbitten Argyropoeia
 77867 | Elf:3    | Identified the serpent talisman "Tiesisch" {rF+ Will+}
 78353 | Crypt:1  | Entered Level 1 of the Crypt
 78507 | Crypt:1  | Identified the orb of the Black Moon {light, Will++}
 78507 | Crypt:1  | Noticed Frederick
 78728 | Vaults:2 | Killed Frederick
 78870 | Vaults:2 | Reached skill level 21 in Earth Magic
 79704 | Crypt:1  | You are sucked into a shaft and drop 1 floor!
 80122 | Crypt:1  | Identified the +1 helmet of Isiwkof {Harm rCorr Int+4
                  | Dex-3}
 80516 | Crypt:2  | Reached XP level 22. HP: 114/137 MP: 16/39
 80518 | Crypt:2  | Reached skill level 22 in Earth Magic
 80779 | Crypt:2  | Found a runed translucent gate.
 80780 | Crypt:2  | Found a runed translucent gate.
 80782 | Crypt:2  | Found a runed translucent gate.
 80782 | Crypt:2  | Found an opulent altar of Gozag.
 80785 | Crypt:2  | Noticed Eroclych's ghost (adept GrFi)
 80788 | Crypt:2  | Found Regyodil's Assorted Antiques.
 81695 | Crypt:3  | Entered Level 3 of the Crypt
 81853 | Crypt:3  | Reached skill level 5 in Stealth
 82079 | Crypt:3  | Found a staircase to the Tomb.
 82341 | Crypt:3  | Found a runed translucent door.
 83215 | Crypt:3  | Noticed Margery
 83442 | Crypt:3  | Killed Margery
 84152 | Crypt:3  | Reached skill level 15 in Fighting
 84245 | Crypt:3  | Noticed a royal mummy
 84251 | Crypt:3  | Killed a royal mummy
 85785 | Crypt:3  | Noticed Titucsi's ghost (adept GrFi)
 85805 | Crypt:3  | Killed Titucsi's ghost
 85939 | Crypt:3  | Identified the +0 leather armour of Sif Muna's Delight
                  | {Str-5 Dex+6}
 86563 | Depths:1 | Entered Level 1 of the Depths
 86775 | Depths:1 | Found a bloodstained altar of Trog.
 87003 | Depths:1 | Found a gateway to Hell.
 87657 | Depths:2 | Reached skill level 23 in Earth Magic
 87746 | Depths:2 | Found a sparkling altar of Nemelex Xobeh.
 87779 | Depths:2 | Reached XP level 23. HP: 145/145 MP: 17/40
 87875 | Depths:2 | Learned a level 9 spell: Shatter
 88154 | Depths:2 | Identified the +5 flail of the Winnowing Blowfly {flame,
                  | rF+ rC+ MP+9 Int-4}
 88483 | Depths:2 | Found a one-way gate leading to the halls of Pandemonium.
 89776 | Depths:2 | Found a burning altar of Makhleb.
 89926 | Depths:2 | Identified the +2 demon whip of the Wasp {pain, +Blink
                  | rCorr Int+7 Dex-5}
 92907 | Depths:3 | Noticed a golden dragon
 92913 | Depths:3 | Killed a golden dragon
 93351 | Depths:3 | Reached XP level 24. HP: 152/152 MP: 34/41
 93539 | Depths:4 | Entered Level 4 of the Depths
 93704 | Depths:3 | Reached skill level 10 in Summonings
 94319 | Depths:4 | Identified the +3 ring mail of Qeaboynn {^Drain rElec rC+
                  | Will+}
 94337 | Depths:4 | Found a gate to the Realm of Zot.
 94505 | Depths:4 | Found a one-way gateway to a ziggurat.
 95097 | Depths:4 | Identified the +1 halberd "Dualo" {venom, +Blink Dex+4}
 95233 | Depths:4 | Reached skill level 24 in Earth Magic
 95377 | Depths:4 | Identified the +6 short sword of Valour {drain, rPois rN+++
                  | Str+6 Stlth-}
 96271 | Depths:4 | Identified the +8 flail of the Revolution {vamp, Fly rPois
                  | rN+}
 96271 | Depths:4 | Identified the amulet "Taonor" {Reflect +Inv rCorr Str+3
                  | SH+5}
 96455 | Depths:4 | Noticed an ancient lich
 96461 | Depths:4 | Killed an ancient lich
 96909 | Elf:2    | Bought a +0 kite shield of protection for 218 gold pieces
 98121 | Vaults:4 | Killed Mennas
 98421 | Vaults:5 | Entered Level 5 of the Vaults
 98432 | Vaults:5 | Reached XP level 25. HP: 159/159 MP: 41/41
 98437 | Vaults:5 | Noticed an ancient lich
 98437 | Vaults:5 | Noticed a dread lich
 98439 | Vaults:5 | Killed an ancient lich
 98440 | Vaults:5 | Killed a dread lich
 98450 | Vaults:5 | Reached skill level 10 in Evocations
 98720 | Vaults:5 | Reached skill level 15 in Spellcasting
 98973 | Vaults:5 | Identified the +8 hand axe of Quick Death {drain, *Corrode
                  | rElec Str+4 SInv}
 98994 | Vaults:5 | Found Duowyn's Book Shoppe.
 99164 | Vaults:5 | Identified the staff of Malaise {+Blink rPois rC+ rCorr
                  | Int-3 Alchemy}
 99200 | Vaults:5 | Reached skill level 25 in Earth Magic
 99228 | Vaults:5 | Got the Writings on Overhead Glaciation
 99472 | Vaults:5 | Identified the blade talisman of Midsummer {rPois Str+3
                  | Dex-2}
 99493 | Vaults:5 | Got a silver rune of Zot
 99635 | Vaults:5 | Identified the staff of Joaci Wer {rC+ rN+ MP-9 Str+3 SInv
                  | Ice}
 99645 | Vaults:5 | Identified the ring of Xom's Sleight of Hands {rF- Will+
                  | Int+8}
100142 | Tomb:1   | Entered Level 1 of the Tomb of the Ancients
100936 | Tomb:1   | Identified the +3 scale mail "Nienul" {Rampage Int-3 SInv}
100994 | Tomb:1   | Noticed a royal mummy
101000 | Tomb:1   | Killed a royal mummy
101021 | Tomb:1   | Noticed a royal mummy
101032 | Tomb:1   | Noticed a royal mummy
101326 | Tomb:1   | Noticed a royal mummy
101365 | Tomb:1   | Killed a royal mummy
101365 | Tomb:1   | Noticed a royal mummy
101368 | Tomb:1   | Noticed a royal mummy
101639 | Tomb:1   | Noticed a royal mummy
101647 | Tomb:1   | Killed a royal mummy
101648 | Tomb:1   | Killed a royal mummy
101651 | Tomb:1   | Noticed a royal mummy
101798 | Tomb:1   | Noticed a royal mummy
101802 | Tomb:1   | Killed a royal mummy
101802 | Tomb:1   | Killed a royal mummy
101803 | Tomb:1   | Reached XP level 26. HP: 110/167 MP: 19/42
101804 | Tomb:1   | Noticed a royal mummy
102207 | Tomb:1   | Killed a royal mummy
102207 | Tomb:1   | Killed a royal mummy
102211 | Tomb:1   | Noticed a royal mummy
102211 | Tomb:1   | Noticed a royal mummy
102322 | Tomb:1   | Noticed a royal mummy
102572 | Crypt:3  | Killed a royal mummy
102573 | Crypt:3  | Reached skill level 10 in Stealth
102705 | Crypt:3  | Killed a royal mummy
102772 | Tomb:1   | Noticed a royal mummy
102776 | Tomb:1   | Killed a royal mummy
102784 | Tomb:1   | Killed a royal mummy
102933 | Tomb:1   | Noticed a royal mummy
102941 | Tomb:1   | Noticed a royal mummy
102942 | Tomb:1   | Killed a royal mummy
102942 | Tomb:1   | Noticed a royal mummy
103092 | Crypt:3  | Killed a royal mummy
103176 | Tomb:1   | Killed a royal mummy
103299 | Tomb:1   | Noticed a royal mummy
103339 | Tomb:1   | Killed a royal mummy
103479 | Tomb:1   | Noticed a royal mummy
103485 | Tomb:1   | Killed a royal mummy
103601 | Tomb:1   | Noticed a royal mummy
103627 | Tomb:1   | Killed a royal mummy
103628 | Tomb:1   | Reached skill level 26 in Earth Magic
103867 | Tomb:1   | Noticed a royal mummy
103872 | Tomb:1   | Killed a royal mummy
103999 | Tomb:1   | Noticed a royal mummy
104018 | Tomb:1   | Killed a royal mummy
104133 | Tomb:1   | Noticed a royal mummy
104477 | Tomb:1   | Killed a royal mummy
104883 | Tomb:1   | Killed a royal mummy
104893 | Tomb:1   | Noticed a royal mummy
105221 | Tomb:1   | Killed a royal mummy
105302 | Tomb:1   | Killed a royal mummy
106125 | Swamp:4  | Reached skill level 1 in Staves
106467 | Swamp:4  | Got a decaying rune of Zot
107656 | Zot:1    | Entered Level 1 of the Realm of Zot
107779 | Zot:1    | Identified the ring "Cyoduin" {Ice rPois}
107779 | Zot:1    | Identified the death talisman of Detyxt {rC+}
107779 | Zot:1    | Noticed Josephina
107781 | Zot:1    | Killed Josephina
107793 | Zot:1    | Reached skill level 5 in Staves
108461 | Zot:1    | You are sucked into a shaft and drop 1 floor!
109230 | D:10     | You paid a toll of a +5 demon trident to enter a treasure
                  | trove
109231 | Trove    | Entered a treasure trove
110365 | Zot:2    | Reached XP level 27. HP: 126/175 MP: 26/42
111116 | Zot:3    | Reached skill level 27 in Earth Magic
111192 | Zot:3    | Found a runed translucent door.
111346 | Zot:3    | Killed from afar by a yellow draconian

Illustrated notes

Levels and vault maps discovered:
D:1:      amcnicky_arrival_underground_garden, layout_loops_cross,
          dk_noncrumbling_3
D:2:      layout_basic, shapermc_ecumenical_altar_pompeii, uniq_natasha
D:3:      layout_loops_ring, kennysheep_crisscross, uniq_crazy_yiuf_cottage,
          uniq_ijyb
D:4:      layout_basic, nicolae_ashenzari_skybound, overflow_temple_1_default,
          uniq_blork_the_orc
D:5:      layout_cave_pools, amethyst_overflow_temple_binary,
          minmay_temple_entry_poolview, serial_shops,
          nicolae_shop_tiny_real_fake_doors, kennysheep_generic_room_7
D:6:      layout_loops_ring, nicolae_uskayaw_murder_on_the_dancefloor,
          cheibrodos_sewer_entry_drain
D:7:      layout_loops_ring, gammafunk_ghost_hive, hex_tiny,
          dreamdust_princess_bridge
D:8:      layout_rooms, mainiacjoe_overflow_chevrons, lightli_temple_of_fire
D:9:      layout_basic, lair_entry_dummy, serial_shops,
          nicolae_shop_industrial_runoff, st_stairs_13, mrwooster_statue_mirror,
          minmay_holes, uniq_joseph
D:10:     layout_rooms, lemuel_tele_altar, mainiacjoe_overflow_alcove_1,
          ploomutoo_gammafunk_ghost_potion_laboratory, enter_trove_2,
          hangedman_decor_push
D:11:     layout_basic
D:12:     gammafunk_beogh_shrine, layout_loops_cross, david_orc_2, drop_trap,
          kennysheep_generic_room_4
D:13:     kennysheep_ambush_hall, layout_loops_ring, erik_vaults_1,
          serial_shops, shop, dreamdust_princess_corridor
D:14:     layout_rooms, minmay_checkered_concentric_circles, uniq_roxanne
D:15:     hangedman_depths_entry_try_elsewhere_first, layout_irregular_city,
          grunt_dithmenos_smoke, grunt_ministairs_6, nicolae_two_hexagons,
          nicolae_elemental_shop, nicolae_danse_macabre, uniq_jorgrun
Temple:   nicolae_temple_ecumenical_triangle
Lair:1:   layout_big_grid, beast_lair_carwin_4
Lair:2:   nzn_winding_woodlands_stair_cross
          [nzn_winding_woodlands_5x15_river_crossing,
          nzn_winding_woodlands_center_garden,
          nzn_winding_woodlands_5x15_default, nzn_winding_woodlands_hourglass,
          nzn_winding_woodlands_5x5_checkerboard,
          nzn_winding_woodlands_5x15_concentric,
          nzn_winding_woodlands_center_diamonds,
          nzn_winding_woodlands_5x15_split_checker], layout_gridlike,
          mainiacjoe_swamp_entry_angry_trees
Lair:3:   layout_hall_layers, spider_nest_entry_web_field, lemuel_centaur_altar,
          uniq_amaemon
Lair:4:   layout_roguey, nicolae_slime_entry_slimehenge, grunt_megastairs_1
Lair:5:   hellmonk_lair_end_abyssal_woods, layout_cave_pods,
          lemuel_fruit_fields, uniq_snorg
Swamp:1:  layout_falls_marsh, evilmike_swamp_ruin_house_6, uniq_aizul
Swamp:2:  layout_falls_marsh, evilmike_swamp_ruin_rubble_2, swamp_pool_4
Swamp:3:  layout_basic_swamp, gammafunk_ghost_split, evilmike_swamp_ruin_house_5
Swamp:4:  swamp_basic_johnstein, layout_basic_swamp, swamp_pool_1_2,
          nicolae_swamp_frolicking_bunyips, infiniplex_staircase_pool
Spider:1: layout_spider_delve, portal_ice_cave_entry_frozen_things,
          hangedman_spider_tarantella_strand
Spider:2: layout_spider_delve, uniq_arachne
Spider:3: layout_spider_delve, guppyfry_spider_mini_2
Spider:4: hellmonk_spider_rune_endless_swarm, nicolae_spider_moth_buddies
Orc:1:    layout_caves, basic_altar, uniq_harold, uniq_erolcha
Orc:2:    grunt_orc_gardens, layout_diamond_mine, grunt_orc_garden,
          grunt_orc_garden, grunt_orc_garden, grunt_orc_garden
Elf:1:    layout_loops_corners, serial_shops, nicolae_square_shop,
          minmay_elf_annihilation
Elf:2:    elven_hall_of_blades_hangedman_alternative [grunt_blade_entry_basic],
          layout_geoelf_diagonals, serial_shops, nicolae_shop_behind_doors,
          nicolae_shop_tiny_real_fake_doors, nicolae_shop_tiny_real_fake_doors,
          nicolae_diamond_shop, shop
Elf:3:    minmay_elf_hall_statues, layout_onion_city, ebering_ghost_rock_garden,
          uniq_zenata
Vaults:1: vaults_room_boxed, hangedman_vaults_stagger, v_rooms_3, v_misc_14,
          nicolae_vaults_trapezoid_2, v_misc_30, vaults_room_fours,
          grunt_vaults_hallway_long, nicolae_vaults_little_squares_1,
          nicolae_vaults_spaceships, nicolae_vaults_trapezoid_1,
          layout_vaults_omnigrid, serial_shops, shop_statue
Vaults:2: hangedman_vaults_variations, vaults_room_corners,
          hangedman_vaults_nodes, vaults_standard_mumra_lines,
          nicolae_vaults_puzzle_piece, nicolae_vaults_tangram_2,
          vaults_room_door_hall, nicolae_vaults_circle_grid_b,
          vaults_dpeg_doors, minmay_crypt_entry_nasty_monster,
          nicolae_vaults_hexular_roomagon, vaults_room_pool,
          grunt_vaults_hallway_long, layout_vaults_maze_snakey
Vaults:3: ebering_ghost_inner_flame, nicolae_vaults_storage_closets_2, v_misc_8,
          grunt_vaults_funnel, lightli_orcish_oven,
          nicolae_vaults_specimen_jars, nicolae_vaults_heart-shaped_vault,
          grunt_vaults_swirl, nicolae_vaults_surprise_closet,
          nicolae_vaults_trapezoid_layered, nicolae_vaults_tetromino_L_1,
          nicolae_vaults_storage_room_glass, nicolae_vaults_little_squares_3,
          layout_vaults_omnibox
Vaults:4: nicolae_vaults_shelves_hall, nicolae_vaults_oval_intersection,
          hangedman_vaults_locks, nicolae_vaults_ring_of_whatevers, v_misc_17,
          grunt_vaults_twisty, nicolae_vaults_diamond_1,
          nicolae_vaults_heart-shaped_vault, v_misc_15, vaults_room_corners,
          layout_vaults_chaotic_city, serial_shops, bzr_firewalk, uniq_mennas
Vaults:5
Crypt:1:  layout_rooms, serial_library_regret_index_closets, uniq_frederick
Crypt:2:  layout_gridlike, ebering_ghost_gozag, grunt_megastairs_3
Crypt:3:  due_elkab, layout_chaotic_city, tomb_entry_forgotten_bobbens,
          ebering_ghost_reflecting_pool, minivault_11, uniq_margery
Tomb:1
Depths:1: layout_cave_pools, hangedman_coc_ice_floe, trog_three_pillars_becter
Depths:2: regret_index_makhleb_lecture_halls, layout_cave_pools,
          rand_demon_pan_entry_3, grunt_hell_entry_dis_mu,
          nemelex_spade_bored_becter, serial_column_ruins, column_ruins_grid_4,
          column_ruins_columns_plus, column_ruins_open_tiny,
          column_ruins_open_small_water, column_ruins_open_tiny
Depths:3: evilmike_cross, layout_basic, hellmouth_1, abyss_entry,
          grunt_decor_fettered
Depths:4: hangedman_pleasuredromes, hell_entry
Zot:1:    layout_onion, uniq_josephina
Zot:2:    layout_onion_interference, regret_index_zotdec_fiery_em,
          grunt_ministairs_10
Zot:3:    gammafunk_dig_for_victory, layout_cathedral_of_symmetry,
          hellmonk_ghost_happy_afterlife, nicolae_diode_stairs

Skill      XL: |  1  2  3  4  5  6  7  8  9 10 11 12 13 14 15 16 17 18 19 20 21 22 23 24 25 26 27 |
---------------+----------------------------------------------------------------------------------+-----
Earth Magic    | 4 5 6 7 9 10 12 13 14 15 16 17 18 21 23 24 25 26 27 | 27.0
Dodging        | 2 3 4 5 6 7 8 9 10 12 | 12.0
Conjurations   | 2 3 4 5 6 7 9 11 12 14 15 16 17 18 19 20 | 20.0
Stealth        | 3 4 6 8 9 10 | 10.0
Spellcasting   | 3 4 5 6 7 8 9 10 11 12 13 14 15 | 15.0
Fighting       | 2 3 4 5 7 8 9 10 11 12 13 14 15 16 17 19 | 19.3
Evocations     | 2 4 5 6 7 8 9 10 | 10.0
Armour         | 1 3 4 6 7 8 9 10 11 12 13 | 13.6
Alchemy        | 1 2 |  2.0
Maces & Flails | 3 5 6 7 8 9 10 11 12 | 12.4
Shields        | 3 5 6 8 10 11 12 14 | 14.0
Summonings     | 5 8 9 10 | 10.5
Staves         | 7 8 |  8.2

Action                     |  1- 3 |  4- 6 |  7- 9 | 10-12 | 13-15 | 16-18 | 19-21 | 22-24 | 25-27 || total
---------------------------+-------+-------+-------+-------+-------+-------+-------+-------+-------++-------
  Melee: Club              |     3 |     1 |       |       |       |       |       |       |       ||     4
         Dagger            |       |    12 |   102 |    11 |       |       |       |       |       ||   125
         Whip              |       |       |       |   155 |   204 |    60 |       |       |       ||   419
         Demon whip        |       |       |       |       |   500 |   489 |   398 |   195 |       ||  1582
         Mace              |       |       |       |       |       |       |       |   190 |   140 ||   330
         Staff             |       |       |       |       |       |       |       |       |   152 ||   152
  Throw: Dart              |       |       |       |     2 |     3 |       |       |       |       ||     5
   Cast: Sandblast         |    36 |    88 |   188 |   270 |    91 |   127 |    77 |    28 |     1 ||   906
         Passwall          |       |     1 |       |     2 |     2 |    19 |     8 |       |       ||    32
         Stone Arrow       |       |       |    15 |   121 |   468 |   457 |    70 |    15 |     2 ||  1148
         Brom's Barrelling |       |       |     3 |    15 |    36 |     1 |       |       |       ||    55
         Petrify           |       |       |       |       |    15 |    25 |     9 |     6 |     1 ||    56
         Orb of Destructio |       |       |       |       |    60 |   188 |    39 |    39 |    24 ||   350
         Lee's Rapid Decon |       |       |       |       |       |   134 |   150 |    63 |    25 ||   372
         Blink             |       |       |       |       |       |     4 |     1 |       |       ||     5
         Lehudib's Crystal |       |       |       |       |       |       |   230 |   165 |    77 ||   472
         Spellforged Servi |       |       |       |       |       |       |    63 |   113 |    63 ||   239
         Shatter           |       |       |       |       |       |       |       |    31 |    80 ||   111
  Evoke: Wand              |       |     4 |       |       |     7 |     6 |     4 |     3 |       ||    24
         Phial of floods   |       |       |       |       |     3 |       |     1 |       |     1 ||     5
         Tin of tremorston |       |       |       |       |     1 |       |     2 |       |       ||     3
         Lightning rod     |       |       |       |       |       |       |       |       |     1 ||     1
         Phantom mirror    |       |       |       |       |       |       |       |       |     1 ||     1
    Use: Potion            |       |     1 |       |     4 |     3 |     4 |     4 |     5 |     4 ||    25
         Scroll            |       |       |     8 |     8 |    16 |    19 |     7 |     8 |    11 ||    77
   Stab: Sleeping          |       |       |     1 |     1 |     3 |       |       |       |       ||     5
         Petrified         |       |       |       |       |    19 |    14 |       |     3 |       ||    36
         Petrifying        |       |       |       |       |     1 |     2 |       |       |       ||     3
         Invisible         |       |       |       |       |       |     3 |       |       |       ||     3
         Distracted        |       |       |       |       |       |       |     2 |     6 |     7 ||    15
 Armour: Robe              |    10 |    29 |   105 |       |       |       |       |       |       ||   144
         Steam dragon scal |       |       |    11 |   418 |   540 |  1035 |       |       |       ||  2004
         Acid dragon scale |       |       |       |       |       |   158 |   738 |   493 |    22 ||  1411
         Quicksilver drago |       |       |       |       |       |       |       |       |   316 ||   316
  Dodge: Dodged            |    19 |    63 |   238 |   570 |   898 |   760 |   464 |   248 |   143 ||  3403
         Repelled          |       |       |       |       |       |     1 |    61 |    51 |    26 ||   139
  Block: Buckler           |       |       |       |       |   213 |   370 |   229 |   114 |       ||   926
         Reflection        |       |       |       |       |       |       |     2 |     3 |     6 ||    11
         Kite shield       |       |       |       |       |       |       |       |     8 |   420 ||   428

Table legend: (Time is in decaauts)
 A = Elapsed time spent in this place.
 B = Non-inter-level travel time spent in this place.
 C = Inter-level travel time spent in this place.
 D = Time resting spent in this place.
 E = Time spent auto-exploring this place.
 F = Levels seen in this place.
 G = Mean time per level.
                   A        B        C        D        E       F      G
               +--------+--------+--------+--------+--------+-----+--------+
         Total | 111705 | 100585 |  11120 |  39000 |  29136 |  53 | 2107.6 |
       Dungeon |  25937 |  21719 |   4218 |   7042 |   8758 |  15 | 1729.1 |
        Temple |     14 |      7 |      7 |      0 |      0 |   1 |   14.0 |
          Lair |  15097 |  13297 |   1800 |   4384 |   4180 |   5 | 3019.4 |
         Swamp |   5995 |   5717 |    278 |   2418 |   1410 |   4 | 1498.8 |
   Spider Nest |  11545 |  10790 |    755 |   5263 |   2154 |   4 | 2886.2 |
  Orcish Mines |   3319 |   2791 |    528 |    989 |    926 |   2 | 1659.5 |
   Elven Halls |   6028 |   5704 |    324 |   1697 |   1088 |   3 | 2009.3 |
        Vaults |  17189 |  15523 |   1666 |   6039 |   4522 |   5 | 3437.8 |
         Crypt |   9420 |   8806 |    614 |   4381 |   2006 |   3 | 3140.0 |
          Tomb |   2908 |   2905 |      3 |   1142 |    269 |   1 | 2908.0 |
        Depths |  10447 |   9750 |    697 |   4431 |   2623 |   4 | 2611.8 |
           Zot |   2924 |   2698 |    226 |   1005 |    941 |   3 |  974.7 |
        Bazaar |    124 |    124 |      0 |      0 |     76 |   1 |  124.0 |
         Trove |     66 |     66 |      0 |      0 |      0 |   1 |   66.0 |
         Sewer |    684 |    684 |      0 |    208 |    183 |   1 |  684.0 |
               +--------+--------+--------+--------+--------+-----+--------+

Top non-repeatable levels by time:
 Crypt:3: 6084 daAuts
Vaults:1: 5563 daAuts
Vaults:2: 5560 daAuts
  Lair:2: 4909 daAuts
Spider:4: 4221 daAuts
Depths:2: 3980 daAuts
  Lair:5: 3906 daAuts
    D:13: 3236 daAuts
Depths:3: 3111 daAuts
   Elf:3: 3072 daAuts
  Lair:3: 2972 daAuts
  Tomb:1: 2908 daAuts
     D:9: 2627 daAuts
Spider:1: 2607 daAuts
    D:11: 2491 daAuts
